 Dungeon Crawl Stone Soup version 0.23-a0-650-ga4d50d4 (webtiles) character file.

107 MalarOregon the Magician (level 4, 0/33 HPs)
             Began as a Merfolk Wizard on Jan 6, 2019.
             Slain by an orc
             ... wielding a +0 flail
              (9 damage)
             ... on level 3 of the Dungeon.
             The game lasted 00:09:38 (2766 turns).

MalarOregon the Magician (Merfolk Wizard)           Turns: 2766, Time: 00:09:38

Health: 0/33       AC:  2    Str:  7    XL:     4   Next: 86%
Magic:  0/9        EV: 13    Int: 18    God:
Gold:   88         SH:  0    Dex: 16    Spells: 7/10 levels left

rFire    . . .     SeeInvis .   f - +0 trident
rCold    . . .     Gourm    .   (no shield)
rNeg     . . .     Faith    .   a - +0 robe
rPois    .         Spirit   .   b - +0 hat
rElec    .         Reflect  .   (no cloak)
rCorr    .         Harm     .   (no gloves)
MR       +....                  (no boots)
Stlth    ++........             (no amulet)
HPRegen  0.11/turn              l - ring of protection from magic
MPRegen  0.11/turn              q - +4 ring of dexterity

@: no status effects
A: change form in water, swift swim, stealthy swim
a: no special abilities


You were on level 3 of the Dungeon.
You were not hungry.

You visited 1 branch of the dungeon, and saw 3 of its levels.

You collected 88 gold pieces.

Inventory:

Hand Weapons
 f - a +0 trident (weapon)
   (You found it on level 2 of the Dungeon)
 i - a +0 short sword
   (You took it off a kobold on level 1 of the Dungeon)
Armour
 a - a +0 robe (worn)
 b - a +0 hat (worn)
Jewellery
 l - a ring of protection from magic (left hand)
   (You found it on level 1 of the Dungeon)
 q - a +4 ring of dexterity (right hand)
   (You found it on level 2 of the Dungeon)
Scrolls
 c - 2 scrolls of teleportation {unknown}
 j - 5 scrolls of identify {unknown}
 k - 2 scrolls of remove curse {unknown}
 m - a scroll of immolation {unknown}
 r - a scroll of random uselessness {unknown}
Potions
 d - 4 potions of curing {@q1}
 g - a potion of magic {unknown}
 h - a potion of heal wounds {unknown}
 n - a potion of brilliance {unknown}
 o - a potion of degeneration {unknown}
 p - a potion of haste {unknown}
 s - a potion of mutation {unknown}
Comestibles
 e - 3 rations {!d}


   Skills:
 + Level 2.1 Fighting
 + Level 1.5 Polearms
 - Level 2.6 Dodging
 - Level 2.1 Stealth
 + Level 3.6 Spellcasting
 + Level 1.8 Conjurations
 + Level 2.0 Summonings
   Level 0.7 Translocations


You had 7 spell levels left.
You knew the following spells:

 Your Spells              Type           Power        Failure   Level  Hunger
a - Magic Dart            Conj           #...         8%          1    None
x - Call Imp              Summ           ##......     10%         2    ##.....

Your spell library contained the following spells:

 Spells                   Type           Power        Failure   Level  Hunger
 Blink                    Tloc           N/A          17%         2    ##.....
 Slow                     Hex            #.......     24%         2    ##.....
 Conjure Flame            Conj/Fire      #.......     32%         3    ###....
 Mephitic Cloud           Conj/Pois/Air  #.......     34%         3    ###....


Dungeon Overview and Level Annotations

Branches:
Dungeon (3/15)

Altars:

Annotations:
D:3 Ijyb


Message History

The leopard gecko bites you.
Aim: a leopard gecko (almost dead, clinging)
The magic dart hits the leopard gecko.
You kill the leopard gecko!
The orc barely misses you.
Aim: an orc priest, wielding a +0 hand axe The magic dart hits the orc.
The orc closely misses you.
Aim: an orc priest, wielding a +0 hand axe The magic dart hits the orc priest.
The orc priest casts a cantrip, but nothing happens.
The orc closely misses you.
Aim: an orc priest, wielding a +0 hand axe (lightly wounded)
The magic dart hits the orc priest.
The orc shouts!
The orc priest casts a cantrip, but nothing happens.
The orc barely misses you.
Aim: an orc priest, wielding a +0 hand axe (lightly wounded)
The magic dart hits the orc priest.
The orc priest calls down the wrath of Beogh upon you.
You resist with some effort. The orc hits you with a +0 flail.
Aim: an orc priest, wielding a +0 hand axe (moderately wounded)
The magic dart hits the orc priest.
The orc priest hits you with a +0 hand axe.
Aim: an orc priest, wielding a +0 hand axe (heavily wounded)
The magic dart hits the orc priest.
The orc priest begins to cast a cantrip, but forgets the words!
The orc barely misses you.
You closely miss the orc priest. The orc priest closely misses you.
The orc barely misses you.
You hit the orc priest but do no damage.
The orc priest looks braver for a moment.
The orc closely misses you.
The orc priest hits you with a +0 hand axe!
Aim: an orc priest, wielding a +0 hand axe (severely wounded)
The magic dart hits the orc priest.
The orc hits you with a +0 flail!
* * * LOW HITPOINT WARNING * * *
The orc priest hits you with a +0 hand axe.
* * * LOW HITPOINT WARNING * * *
You closely miss the orc priest.
Unknown command.
You hit the orc priest.
You kill the orc priest!
Your Fighting skill increases to level 2!
Your Summonings skill increases to level 2!
The orc barely misses you.
You hit the orc but do no damage. The orc completely misses you.
You hit the orc but do no damage. The orc closely misses you.
Aim: an orc, wielding a +0 flail (heavily wounded)
The magic dart hits the orc.
The orc hits you with a +0 flail!
You die...

##....<###...(...#
..................#
.##.......8.......#
.........8.8......#
#.....###.8._.8.....#
..##......8.8......#
.###......8.......#
.............#####
.......##@.## ###
#..)รท..##o## ..###
#.......oo# .....
#..?.....##
....####...............
.....5..............o..
g.###............ooo...
..# #..................
..# #..................


You could see 3 orcs.

Vanquished Creatures
  An orc priest (D:3)
  3 adders (D:2)
  A worm (D:2)
  2 dart slugs
  2 leopard geckos
  A ball python (D:1)
  2 giant cockroaches
  4 hobgoblins
  A bat (D:3)
  3 frilled lizards
  12 goblins
  3 kobolds
  9 rats
44 creatures vanquished.

Vanquished Creatures (collateral kills)
  A goblin (D:3)
  A jackal (D:3)
2 creatures vanquished.

Grand Total: 46 creatures vanquished

Notes
Turn   | Place    | Note
-------+----------+-------------------------------------------
     0 | D:1      | MalarOregon the Merfolk Wizard began the quest for the Orb.
     0 | D:1      | Reached XP level 1. HP: 13/13 MP: 4/4
   202 | D:1      | Reached skill level 1 in Conjurations
   374 | D:1      | Reached XP level 2. HP: 20/20 MP: 1/6
   379 | D:1      | Learned a level 2 spell: Call Imp
   412 | D:1      | Reached skill level 1 in Fighting
  1172 | D:2      | Reached XP level 3. HP: 24/26 MP: 0/7
  2243 | D:2      | Reached XP level 4. HP: 33/33 MP: 9/9
  2472 | D:3      | Reached skill level 1 in Polearms
  2474 | D:3      | Found a faded altar of an unknown god.
  2476 | D:3      | Noticed Ijyb
  2766 | D:3      | Slain by an orc

Vault maps used:
D:1:      dpeg_arrival_shrine, minmay_misc_feat_secret_circle,
          hangedman_decor_opposing
D:3:      chequers_ecumenical_altar_simple_redux, uniq_robin, uniq_ijyb,
          uniq_terence

Skill      XL: |  1  2  3  4 |
---------------+-------------+-----
Conjurations   | 1 |  1.8
Fighting       | 1 2 |  2.1
Polearms       | 1 |  1.5
Summonings     | 2 |  2.0
Dodging        | |  2.6
Stealth        | |  2.1
Spellcasting   | |  3.6
Translocations | |  0.7

Action                   |  1- 3 |  4- 6 || total
-------------------------+-------+-------++-------
Melee: Club              |    25 |       ||    25
       Trident           |    18 |    24 ||    42
 Cast: Magic Dart        |    63 |    21 ||    84
       Call Imp          |       |     2 ||     2
  Use: Potion            |       |     1 ||     1
 Stab: Sleeping          |       |     1 ||     1
  Eat: Chunk             |     4 |     2 ||     6
Armor: Robe              |     2 |    13 ||    15
Dodge: Dodged            |    25 |    46 ||    71

Table legend:
 A = Non-vault XP
 B = Vault XP
 C = Vault XP percentage of total XP
 D = Non-vault monster count
 E = Vault monster count
 F = Vault count percentage of total count
                 A         B        C        D         E       F
            +---------+---------+-------+---------+---------+-------
      Total |     151 |       3 |   1.9 |      44 |       2 |   4.3
            +---------+---------+-------+---------+---------+-------
        D:1 |      33 |       0 |   0.0 |      21 |       0 |   0.0
        D:2 |      69 |       0 |   0.0 |      17 |       0 |   0.0
        D:3 |      49 |       3 |   5.8 |       6 |       2 |  25.0
            +---------+---------+-------+---------+---------+-------
